 Dungeon Crawl Stone Soup version 0.16.1-25-gbcee3f8 (webtiles) character file.

5 drack the Caller (level 1, -1/13 HPs)
             Began as a Mummy Summoner on May 22, 2015.
             Slain by a jackal (3 damage)
             ... on level 1 of the Dungeon.
             The game lasted 00:07:42 (896 turns).

drack the Caller (Mummy Summoner)                    Turns: 896, Time: 00:07:42

Health: -1/13      AC:  2    Str: 11    XL:     1   Next: 66%
Magic:  1/3        EV: 12    Int: 14    God:
Gold:   12         SH:  0    Dex: 12    Spells: 1 memorised, 3 levels left

rFire  x . .     SeeInvis .     (no weapon)
rCold  + . .     Clarity  .     a - +0 robe
rNeg   + + +     SustAb   .     (no shield)
rPois  ∞         Gourm    .     (no helmet)
rElec  .         Spirit   .     (no cloak)
rCorr  .         Warding  .     (no gloves)
rMut   .         Stasis   .     (no boots)
MR     .....                    (no amulet)
Stlth  ++........               (no ring)
                                (no ring)

@: very slightly contaminated, not resistant to hostile enchantments, unstealthy
A: no food or potions, fire vulnerability, restore body, cold resistance 1,
negative energy resistance 3, poison resistance, torment resistance, unbreathing
a: no special abilities


You were on level 1 of the Dungeon.
You were not hungry.

You visited 1 branch of the dungeon, and saw 1 of its levels.

You collected 12 gold pieces.

Inventory:

Hand weapons
 e - a +0 spear
 i - a +0 club
 m - a +0 dagger
Missiles
 f - 8 needles of paralysis
Armour
 a - a +0 robe (worn)
 h - a +0 ring mail
Scrolls
 c - a scroll of immolation {unknown}
 l - a scroll of remove curse {unknown}
Potions
 g - a potion of heal wounds {unknown}
 j - a potion of cancellation {unknown}
Books
 b - a book of Callings

   Spells                             Type                      Level
   a - Summon Small Mammal            Summoning                    1
   b - Call Imp                       Summoning                    2
   c - Call Canine Familiar           Summoning                    3
   d - Summon Guardian Golem          Hexes/Summoning              4
   e - Summon Lightning Spire         Summoning/Air                4
   f - Summon Ice Beast               Ice/Summoning                4
Comestibles
 d - 2 meat rations
 k - 2 chunks of flesh


   Skills:
 + Level 1.5 Dodging
 + Level 1.5 Stealth
 + Level 2.0 Spellcasting
 + Level 3.5 Summonings


You had 3 spell levels left.
You knew the following spells:

 Your Spells              Type           Power        Failure   Level  Hunger
a - Summon Small Mammal   Summ           ##..         6%          1    N/A

Dungeon Overview and Level Annotations

Branches:
Dungeon (1/15)

Altars:


Innate Abilities, Weirdness & Mutations

You do not eat or drink.
Your flesh is vulnerable to fire.
Your flesh is cold resistant.
You are immune to negative energy.
Your system is resistant to poisons.
You are immune to unholy pain and torment.
You can survive without breathing.


Message History

The jackal is severely wounded.
Your bat hits the jackal but does no damage.
The jackal bites you. The jackal completely misses you.
You miss the jackal.
The jackal is severely wounded.
Your bat barely misses the jackal.
The jackal barely misses you.
You barely miss the jackal.
The jackal is severely wounded.
Your bat misses the jackal. The jackal misses you.
You barely miss the jackal.
The jackal is severely wounded.
Your bat hits the jackal but does no damage.
The jackal bites you.
* * * LOW HITPOINT WARNING * * *
The jackal misses you.
You closely miss the jackal.
The jackal is severely wounded.
Your bat hits the jackal but does no damage.
The jackal bites you.
You die...

#..## #.##### #.#.### #..#
#.....# #...... ...# ##.###.#
##.#### ##+## #...##.# #.# #...##
#......# ###.# .....## #...#..#
##.#.# # ......## ##..##..#
##....# ##
.......####.......######.....###.
.......'........@.........#....'.
.......####.....hb.#####.....###.
...>..## ##.###.#.# ##...## ##
.....## #.###.#.# ##.## # #...##
#.##..#.# #.# ##'## #.##.##.# #.#
#.# #.##.##.# #.# ##.# #.##.##.#
#.# ≈### #.......# #.#


You could see a jackal and a friendly bat.

Vanquished Creatures
  A jackal (D:1)
1 creature vanquished.

Vanquished Creatures (collateral kills)
  An ooze (D:1)
  A bat (D:1)
  A jackal (D:1)
  A giant cockroach (D:1)
  A goblin (D:1)
5 creatures vanquished.

Vanquished Creatures (others)
  3 bats (D:1)
  3 rats (D:1)
6 creatures vanquished.

Grand Total: 12 creatures vanquished

Notes
Turn   | Place    | Note
--------------------------------------------------------------
     0 | D:1      | drack, the Mummy Summoner, began the quest for the Orb.
     0 | D:1      | Reached XP level 1. HP: 13/13 MP: 3/3
   896 | D:1      | Slain by a jackal

Action                   || total
-------------------------++-------
Melee: Unarmed           ||    23
 Cast: Summon Small Mamm ||    24
 Stab: Sleeping          ||     1
